Map: Orbital Depot

Players

Darkmatter

  • Race: Terran Terran
  • League: Gold
  • Spawn Location: 9:00

clark

  • Race: Protoss Protoss
  • Spawn Location: 9:00

Crimzon

  • Race: Zerg Zerg
  • Spawn Location: 7:00

Peska - Winner!

  • Race: Protoss Protoss
  • Spawn Location: 3:00

Metasapien - Winner!

  • Race: Zerg Zerg
  • League: Platinum
  • Spawn Location: 1:00

GiermoIVI - Winner!

  • Race: Zerg Zerg
  • Spawn Location: 3:00

VOD

Have the link to the VOD?

Description

Time

  • Played on: Sept. 17, 2017, 4:49 p.m.
  • Length: 18:24
Show
View Real Time Build Order
Export as new Build Order

Darkmatter Terran 

Build Orders:  

Get SALT Encoding   

  12  0:18  Supply Depot  
  12  0:42  Barracks  
  12  0:51  Barracks  
  12  1:01  Barracks  
  12  1:02  SCV  
  13  1:14  SCV  
  14  1:26  SCV  
  15  1:41  Marine, Supply Depot  
  15  1:42  Marine  
  17  1:49  Marine  
  18  1:59  Marine  
  18  2:00  Marine  
  20  2:03  Orbital Command  
  20  2:07  Marine  
  21  2:20  Marine x2  
  23  2:24  Marine  
  24  2:38  Marine x2  
  24  2:42  Marine  
  15  4:06  Barracks  
  15  4:07  Barracks  
  15  4:08  Marine x3  
  15  4:09  Barracks  
  18  4:18  Bunker  
  18  4:26  Marine x3  
  21  4:44  Marine x3  
  24  4:58  Marine x3  
  27  5:01  Marine  
  27  5:02  Marine x2  
  30  5:07  Supply Depot  
  30  5:08  Supply Depot  
  30  5:09  Supply Depot  
  30  5:11  Supply Depot  
  30  5:15  Marine  
  31  5:28  Marine x5  
  31  5:33  Marine  
  37  5:36  Refinery  
  37  5:37  Refinery  
  37  5:42  Engineering Bay  
  35  5:59  Marine x5  
  35  6:00  Marine  
  31  6:16  Marine  
  31  6:17  Marine x5  
  25  6:34  Marine  
  25  6:35  Marine x5  
  31  6:51  Missile Turret  
  31  6:52  Marine x2  
  31  6:53  Marine  
  34  7:00  SCV  
  35  7:06  Barracks Tech Lab  
  35  7:12  SCV  
  36  7:24  SCV  
  37  7:37  SCV  
  38  7:38  Barracks Tech Lab x2  
  38  7:41  Barracks Tech Lab  
  38  7:46  Barracks Tech Lab  
  38  7:49  Barracks Tech Lab, SCV  
  39  7:55  Combat Shields  
  39  8:02  Marauder  
  39  8:04  Marauder  
  39  8:05  Marauder  
  45  8:09  Concussive Shells  
  47  8:13  Marauder  
  47  8:33  Marauder  
  49  8:35  Supply Depot  
  49  8:36  Marauder, Supply Depot  
  51  8:49  Marauder  
  51  8:51  Marauder  
  51  8:54  Marauder  
  57  8:59  Terran Infantry Weapons Level 1  
  57  9:06  Marauder  
  36  9:38  Marauder  
  24  10:08  Command Center  
  18  10:45  Marauder  
  18  10:46  Marauder x3  
  18  10:47  Marauder x2  
  30  11:07  Marauder x2  
  34  11:21  Planetary Fortress  
  34  11:38  Terran Infantry Armor Level 1  
  30  11:51  Marine  
  30  11:52  Marine x4  
  30  11:53  Marine  
  24  12:07  Bunker  
  24  12:09  Bunker  
  24  12:27  SCV  
  25  12:39  SCV  
  27  12:51  SCV  
  27  12:57  Marine x5  
  27  12:58  Marine  
  33  13:03  SCV  
  33  13:05  Command Center  
  34  13:14  Marine x2  
  34  13:15  SCV  
  37  13:34  Refinery  
  37  13:41  Refinery  
  37  13:54  Marauder x3  
  37  13:55  Marauder x3  
  37  14:15  Marauder  
  23  14:54  Marauder x2  
Show
View Real Time Build Order
Export as new Build Order

clark Protoss 

Build Orders:  

Get SALT Encoding   

  12  0:03  Probe (Chrono Boost)  
  13  0:17  Pylon  
  13  0:21  Probe (Chrono Boost)  
  15  0:35  Probe (Chrono Boost)  
  15  0:46  Probe (Chrono Boost)  
  15  0:48  Assimilator  
  16  0:56  Probe (Chrono Boost)  
  17  1:07  Probe (Chrono Boost)  
  17  1:09  Gateway  
  18  1:17  Probe (Chrono Boost)  
  19  1:20  Pylon  
  19  1:28  Probe (Chrono Boost)  
  19  1:30  Assimilator  
  20  1:38  Probe (Chrono Boost)  
  21  1:40  Forge  
  21  1:49  Probe (Chrono Boost)  
  22  2:00  Probe (Chrono Boost)  
  23  2:10  Probe (Chrono Boost)  
  24  2:20  Nexus  
  24  2:21  Probe (Chrono Boost)  
  25  2:31  Probe (Chrono Boost)  
  25  2:32  Cybernetics Core  
  26  2:39  Pylon  
  26  2:42  Probe (Chrono Boost)  
  27  2:55  Assimilator  
  27  3:01  Pylon  
  27  3:08  Assimilator  
  27  3:13  Stargate  
  27  3:21  Stargate  
  27  3:25  Pylon  
  29  3:34  Mothership Core (Chrono Boost)  
  29  3:39  Probe (Chrono Boost)  
  30  3:49  Probe (Chrono Boost)  
  30  3:52  Probe (Chrono Boost)  
  32  4:03  Void Ray, Probe (Chrono Boost)  
  37  4:13  Probe (Chrono Boost)  
  38  4:18  Photon Cannon  
  38  4:21  Protoss Shields Level 1 (Chrono Boost)  
  39  4:24  Probe (Chrono Boost)  
  39  4:26  Void Ray  
  43  4:33  Probe (Chrono Boost)  
  44  4:38  Protoss Air Weapons Level 1 (Chrono Boost)  
  44  4:45  Probe  
  45  4:56  Void Ray  
  45  4:57  Probe  
  50  5:09  Probe  
  51  5:21  Probe  
  52  5:29  Void Ray  
  52  5:33  Probe  
  57  5:39  Void Ray  
  61  5:45  Probe  
  61  5:49  Mothership Core  
  54  6:12  Void Ray  
  58  6:22  Void Ray  
  43  6:50  Probe  
  41  6:55  Void Ray  
  45  7:02  Probe  
  45  7:05  Void Ray  
  50  7:14  Probe  
  47  7:26  Probe  
  38  7:37  Void Ray  
  43  7:48  Void Ray  
  42  8:01  Pylon  
  42  8:02  Nexus  
  42  8:04  Pylon  
  42  8:06  Twilight Council  
  42  8:09  Pylon  
  42  8:10  Pylon  
  42  8:11  Pylon  
  42  8:18  Pylon  
  42  8:19  Pylon  
  42  8:20  Void Ray  
  46  8:28  Assimilator  
  46  8:30  Void Ray  
  46  8:33  Assimilator  
  50  8:38  Mothership Core  
  52  9:03  Void Ray  
  56  9:13  Void Ray, Probe  
  61  10:01  Void Ray  
  61  10:05  Probe  
  66  10:15  Probe  
  66  10:18  Probe  
  68  10:26  Probe  
  69  10:30  Probe  
  70  10:37  Probe  
  67  10:47  Probe  
  64  11:07  Void Ray x2  
  72  11:38  Probe  
  73  11:43  Nexus  
  73  11:48  Probe, Assimilator  
  73  11:51  Assimilator  
  74  11:59  Probe  
  75  12:09  Probe  
  76  12:20  Probe  
  76  12:21  Protoss Air Armor Level 1 (Chrono Boost)  
  77  12:30  Probe  
  78  12:51  Probe  
  78  12:54  Probe  
  81  12:58  Probe  
  81  13:01  Probe  
  81  13:04  Probe  
  82  13:10  Probe  
  82  13:12  Probe  
  84  13:15  Probe  
  82  13:22  Probe x2  
  82  13:25  Probe  
  62  13:33  Probe  
  47  13:34  Probe  
  47  13:36  Probe  
  47  13:37  Void Ray x2  
  58  13:47  Probe x2, Robotics Facility  
  60  13:52  Stargate  
  60  13:56  Mothership Core, Stargate  
  60  13:59  Pylon  
  60  14:00  Pylon  
  62  14:03  Pylon  
  62  14:05  Pylon  
  62  14:08  Pylon  
  62  14:16  Probe  
  62  14:17  Fleet Beacon  
  62  14:20  Void Ray  
  62  14:21  Protoss Shields Level 2  
  67  14:30  Void Ray  
  71  14:42  Observer  
  71  14:43  Void Ray  
  70  14:54  Mothership Core  
  72  15:03  Void Ray, Observer  
  73  15:21  Void Ray x2  
  73  15:26  Void Ray  
  85  15:46  Void Ray  
  89  16:04  Void Ray x2  
  89  16:09  Void Ray  
  87  16:28  Void Ray  
  91  16:45  Mothership Core  
  93  16:47  Void Ray x2  
  93  16:52  Void Ray  
  97  17:11  Void Ray  
  101  17:30  Void Ray x2  
  101  17:34  Void Ray  
  85  18:00  Mothership Core  
Show
View Real Time Build Order
Export as new Build Order

Crimzon Zerg 

Build Orders: Pool First 

Get SALT Encoding   

  12  0:03  Drone  
  13  0:10  Drone  
  14  0:14  Overlord  
  14  0:31  Spawning Pool  
  14  0:35  Extractor  
  12  0:36  Drone  
  12  0:37  Drone  
  14  0:42  Extractor  
  14  0:45  Drone  
  14  0:55  Overlord  
  14  1:09  Drone x2  
  16  1:18  Queen  
  16  1:22  Drone  
  19  1:29  Metabolic Boost  
  19  1:44  Drone x2  
  21  2:11  Zergling x4  
  21  2:12  Hatchery  
  22  2:24  Zergling x2  
  22  2:25  Zergling x2  
  24  2:41  Zergling x2  
  25  2:47  Zergling x4  
  25  2:48  Zergling x2  
  25  2:50  Overlord  
  28  3:04  Zergling x2  
  29  3:16  Zergling x2  
  30  3:29  Zergling x4  
  30  3:34  Zergling x2  
  27  3:42  Zergling x2  
  28  3:50  Zergling x4  
  30  4:01  Zergling x2  
  30  4:02  Zergling x2  
  31  4:08  Zergling x4  
  31  4:20  Zergling x4  
  32  4:41  Zergling x8  
  28  4:54  Roach Warren  
  27  5:00  Baneling Nest  
  27  5:06  Zergling x8  
  30  5:34  Queen  
  32  5:39  Lair  
  32  5:49  Roach x6  
  42  6:27  Roach  
  42  6:29  Overlord  
  38  6:49  Queen  
  38  6:53  Roach x3  
  46  6:55  Glial Reconstitution  
  46  6:56  Centrifical Hooks  
  46  6:59  Baneling x3  
  46  7:00  Baneling x6  
  46  7:26  Hatchery  
  46  7:27  Overlord x2  
  43  7:59  Hydralisk Den  
  42  8:24  Baneling x7  
  42  8:25  Baneling x5  
  42  8:32  Hydralisk x4  
  50  8:53  Hydralisk x2  
  54  8:56  Hydralisk x2  
  58  9:15  Drone x4  
  50  10:15  Hydralisk x3  
  50  10:16  Hydralisk x3  
  50  10:20  Muscular Augments  
  48  10:49  Hydralisk x3  
  42  10:56  Hydralisk  
  48  11:01  Drone x2  
  44  11:40  Hydralisk x3  
  44  11:41  Hydralisk  
  52  11:57  Hydralisk x2  
  56  12:07  Hydralisk x2  
  60  12:30  Hydralisk x3  
  66  13:10  Hydralisk  
  32  13:41  Hydralisk x3  
  32  13:42  Hydralisk x3  
  44  13:51  Spire  
  43  14:10  Evolution Chamber  
  42  14:19  Hydralisk x2  
  42  14:20  Hydralisk x2  
  42  14:21  Zergling x2  
  42  14:22  Zergling x2  
  48  14:49  Hydralisk x3  
  38  15:01  Baneling x4  
  38  15:03  Zergling x4  
  40  15:16  Zergling x6  
  40  15:17  Zergling x4  
  45  15:31  Baneling x3  
  45  15:32  Baneling  
  37  15:40  Zergling x2  
  37  15:41  Zergling x2  
  29  16:03  Zergling x4  
  9  16:26  Zergling x4  
  9  17:05  Zergling x6  
Show
View Real Time Build Order
Export as new Build Order

Peska Protoss - Winner!

Build Orders: Oracle Opening 

Get SALT Encoding   

  12  0:05  Probe (Chrono Boost)  
  13  0:16  Probe (Chrono Boost)  
  14  0:21  Pylon  
  14  0:26  Probe (Chrono Boost)  
  15  0:40  Probe (Chrono Boost)  
  15  0:42  Gateway  
  16  0:47  Assimilator  
  16  0:50  Probe (Chrono Boost)  
  17  1:01  Probe (Chrono Boost)  
  18  1:09  Pylon  
  18  1:12  Probe (Chrono Boost)  
  19  1:21  Assimilator  
  19  1:23  Probe (Chrono Boost)  
  20  1:30  Cybernetics Core  
  20  1:33  Probe (Chrono Boost)  
  20  1:36  Zealot  
  23  1:44  Probe (Chrono Boost)  
  24  2:08  Warp Gate (Chrono Boost)  
  24  2:10  Zealot (Chrono Boost)  
  26  2:16  Gateway  
  26  2:34  Stargate  
  26  2:46  Zealot (Chrono Boost)  
  26  2:49  Mothership Core  
  30  2:55  Forge  
  28  3:26  Mothership Core  
  28  3:29  Zealot (Chrono Boost)  
  26  3:35  Oracle  
  23  4:09  Probe  
  24  4:21  Probe  
  25  4:33  Probe  
  26  5:02  Probe  
  27  5:11  Void Ray (Chrono Boost)  
  31  5:17  Pylon  
  31  5:20  Pylon  
  31  5:35  Probe  
  32  5:48  Probe  
  33  5:53  Void Ray (Chrono Boost)  
  37  6:00  Probe  
  38  6:12  Probe  
  43  7:01  Void Ray (Chrono Boost)  
  43  7:04  Nexus  
  43  7:08  Assimilator  
  43  7:12  Assimilator  
  43  7:17  Pylon x2  
  43  7:18  Pylon  
  43  7:20  Pylon  
  43  7:22  Photon Cannon  
  43  7:25  Photon Cannon  
  43  7:30  Protoss Air Weapons Level 1  
  43  7:39  Stargate  
  47  8:06  Void Ray (Chrono Boost)  
  47  8:25  Probe  
  47  8:26  Probe  
  49  8:36  Probe  
  49  8:38  Probe  
  55  8:45  Void Ray (Chrono Boost)  
  55  8:46  Probe  
  56  8:51  Probe  
  57  8:57  Probe  
  57  8:58  Void Ray (Chrono Boost)  
  62  9:03  Probe  
  62  9:04  Nexus  
  62  9:07  Probe  
  64  9:15  Probe  
  65  9:20  Probe  
  65  9:23  Void Ray (Chrono Boost)  
  70  9:55  Void Ray (Chrono Boost)  
  73  10:00  Void Ray (Chrono Boost)  
  77  10:17  Assimilator  
  77  10:20  Probe  
  77  10:21  Probe x2  
  79  10:22  Assimilator  
  80  10:30  Probe, Protoss Air Armor Level 1  
  80  10:33  Void Ray (Chrono Boost), Probe x2  
  81  10:45  Probe  
  32  12:21  Phoenix (Chrono Boost)  
Show
View Real Time Build Order
Export as new Build Order

Metasapien Zerg - Winner!

Build Orders: Pool First 

Get SALT Encoding   

  12  0:03  Drone  
  13  0:19  Spawning Pool  
  12  0:22  Drone  
  12  0:24  Drone  
  14  0:36  Extractor  
  14  0:37  Drone  
  14  0:40  Overlord  
  14  1:02  Drone x2  
  16  1:13  Drone  
  16  1:15  Queen  
  19  1:19  Zergling x2  
  19  1:20  Extractor  
  19  1:27  Overlord  
  19  1:42  Metabolic Boost  
  19  1:44  Drone  
  20  1:56  Zergling x2  
  20  1:58  Hatchery  
  20  2:01  Drone  
  21  2:15  Overlord  
  21  2:23  Zergling x2  
  21  2:27  Overlord  
  21  2:28  Overlord  
  22  2:38  Zergling x2  
  22  2:39  Zergling x2  
  24  2:46  Roach Warren  
  23  2:54  Zergling x2  
  24  2:58  Drone  
  24  2:59  Drone  
  24  3:00  Spine Crawler  
  24  3:01  Zergling x4  
  28  3:12  Drone, Queen  
  28  3:17  Lair  
  28  3:19  Drone  
  27  3:36  Zergling x8  
  27  3:48  Drone x2, Roach  
  29  3:49  Roach x2  
  35  4:13  Drone  
  35  4:14  Drone  
  35  4:16  Drone x2  
  37  4:36  Drone x3  
  37  4:37  Drone  
  41  4:45  Hydralisk Den  
  40  4:52  Infestation Pit, Roach x6  
  51  5:07  Drone  
  52  5:08  Overlord x2  
  52  5:09  Overlord  
  52  5:25  Overlord x2  
  52  5:27  Ravager  
  54  5:28  Ravager  
  54  5:30  Overseer  
  54  5:32  Extractor  
  54  5:35  Spore Crawler, Extractor  
  52  5:36  Drone x2  
  52  5:37  Drone  
  52  5:38  Drone x2  
  52  5:39  Drone  
  57  5:45  Glial Reconstitution  
  57  5:53  Hive  
  57  5:59  Evolution Chamber  
  57  6:01  Drone x2  
  57  6:02  Overlord x2  
  57  6:03  Evolution Chamber  
  55  6:15  Hydralisk x4, Roach x2  
  67  6:39  Hydralisk x3  
  69  6:40  Roach  
  75  6:48  Drone x2  
  75  6:53  Hydralisk x3  
  79  6:58  Queen  
  70  7:40  Hydralisk x2  
  70  7:41  Hydralisk x6  
  70  7:42  Hydralisk  
  88  7:52  Drone  
  90  7:58  Drone  
  90  8:14  Drone x4  
  90  8:15  Drone  
  90  8:17  Roach x4  
  90  8:18  Hatchery  
  102  8:24  Hatchery  
  102  8:25  Zerg Missile Weapons Level 1  
  101  8:27  Muscular Augments  
  101  8:38  Pneumatized Carapace  
  101  8:53  Extractor  
  100  8:56  Overlord x3  
  100  8:57  Overlord  
  100  8:59  Drone x3  
  100  9:01  Extractor  
  102  9:12  Hydralisk x2  
  102  9:13  Hydralisk  
  53  10:01  Hydralisk x2  
  53  10:02  Roach x3, Hydralisk x3  
  53  10:03  Roach x2  
  65  10:14  Roach, Hydralisk  
  65  10:15  Roach  
  65  10:18  Roach  
  65  10:19  Zerg Ground Armor Level 1  
  53  10:43  Hydralisk x3  
  53  10:44  Roach x4  
  61  11:01  Overlord x2, Hydralisk  
  61  11:02  Roach x2  
  65  11:17  Hydralisk x5  
  75  11:21  Extractor  
  74  11:33  Hatchery  
  74  11:37  Hydralisk  
  74  11:38  Hydralisk  
  75  11:40  Hydralisk  
  75  11:41  Hatchery  
  76  12:00  Hydralisk  
  78  12:01  Roach, Hydralisk x2  
  78  12:02  Roach x3  
  90  12:09  Queen  
  92  12:32  Drone x3  
  92  12:35  Drone x2, Extractor  
  96  12:37  Extractor  
  96  12:39  Extractor, Viper  
  97  12:48  Hydralisk  
  97  12:49  Hydralisk x6  
  97  12:50  Hydralisk x2  
  115  12:57  Drone  
  115  12:58  Queen  
  118  13:08  Hydralisk x2  
  122  13:13  Zerg Missile Weapons Level 2  
  95  13:36  Roach, Hydralisk  
  95  13:38  Drone x5  
  95  13:39  Drone x5  
  95  13:40  Drone  
  110  14:02  Hydralisk x3  
  114  14:03  Roach x3  
  114  14:04  Roach  
  122  14:13  Zerg Ground Armor Level 2  
  122  14:16  Drone x3  
  125  14:28  Zergling x2  
  125  14:29  Zergling x16, Hydralisk  
  125  14:30  Roach  
  114  14:55  Hydralisk  
  114  14:56  Roach, Hydralisk x4  
  114  14:57  Overlord x2, Roach x4  
  114  14:58  Overlord  
  130  15:10  Drone x3  
  130  15:11  Overlord  
  130  15:12  Overlord x3  
  133  15:19  Drone x2  
  134  15:28  Overlord x2  
  134  15:29  Overlord x2  
  134  15:31  Overseer  
  134  15:32  Overseer x2  
  134  15:40  Ultralisk Cavern  
  133  15:45  Spire  
  132  15:57  Drone x3  
  132  15:58  Hydralisk x4  
  132  15:59  Hydralisk x4  
  111  16:30  Hydralisk x2  
  111  16:31  Hydralisk x7  
  111  16:32  Hydralisk x5  
  133  17:04  Hydralisk x7  
  133  17:05  Hydralisk x3  
  133  17:06  Roach  
  133  17:07  Roach  
  153  17:24  Ravager x2  
  153  17:25  Ravager  
  162  17:58  Hydralisk x2  
  162  18:00  Hydralisk  
  162  18:02  Zergling x2  
  162  18:03  Zergling x4  
Show
View Real Time Build Order
Export as new Build Order

GiermoIVI Zerg - Winner!

Build Orders: Pool First 

Get SALT Encoding   

  12  0:06  Drone  
  13  0:10  Drone  
  14  0:25  Overlord  
  14  0:37  Spawning Pool  
  13  0:44  Drone x2  
  13  0:46  Drone  
  16  0:57  Drone  
  17  1:08  Drone  
  18  1:22  Hatchery  
  17  1:28  Drone x2  
  17  1:31  Extractor  
  18  1:33  Extractor  
  18  1:38  Queen  
  19  1:42  Drone  
  20  1:49  Drone  
  21  2:05  Zergling x2  
  22  2:14  Overlord  
  22  2:34  Metabolic Boost  
  22  2:38  Zergling x4  
  22  2:40  Zergling x2  
  24  2:44  Roach Warren  
  23  2:53  Spine Crawler  
  19  3:13  Zergling x8  
  19  3:17  Drone  
  19  3:18  Drone x2  
  26  3:26  Roach  
  24  3:44  Roach x4  
  32  3:55  Queen  
  32  3:56  Drone x2  
  36  4:13  Drone, Baneling Nest  
  36  4:14  Overlord x2  
  36  4:17  Hatchery  
  36  4:23  Drone  
  36  4:25  Extractor  
  36  4:27  Extractor  
  36  4:29  Spine Crawler  
  33  4:38  Roach x3  
  37  5:00  Zergling x4  
  37  5:01  Zergling x10  
  37  5:02  Zergling x2  
  37  5:06  Queen  
  47  5:12  Spore Crawler  
  46  5:19  Spore Crawler  
  45  5:23  Lair  
  45  5:25  Drone  
  40  5:35  Spore Crawler  
  34  6:05  Spore Crawler  
  34  6:07  Spore Crawler  
  34  6:09  Drone  
  34  6:10  Drone  
  34  6:11  Drone  
  25  6:29  Zergling x6  
  28  6:34  Drone  
  28  6:36  Drone  
  30  6:47  Spine Crawler  
  18  7:06  Drone x2  
  18  7:07  Drone  
  21  7:13  Hydralisk Den  
  20  7:16  Drone  
  20  7:19  Drone  
  22  7:26  Zergling x2  
  23  7:35  Drone x4  
  27  8:00  Drone x8  
  27  8:01  Drone x2  
  37  8:09  Evolution Chamber  
  37  8:11  Evolution Chamber  
  35  8:15  Queen  
  37  8:23  Drone x3  
  40  8:30  Lurker Den  
  40  8:35  Drone  
  40  8:36  Queen  
  43  8:48  Zerg Missile Weapons Level 1  
  43  8:54  Drone  
  43  8:55  Drone x7  
  51  9:03  Spine Crawler  
  51  9:04  Spore Crawler  
  51  9:08  Drone x2  
  51  9:15  Zerg Ground Armor Level 1  
  44  9:52  Hydralisk x4  
  50  10:11  Hydralisk  
  50  10:13  Overlord x3  
  52  10:21  Overlord x2  
  48  10:40  Zergling x6  
  48  10:41  Zergling x16  
  55  10:44  Lurker  
  56  10:53  Hydralisk  
  56  10:54  Hydralisk x5  
  68  11:13  Hydralisk  
  68  11:14  Hydralisk x3  
  76  11:43  Muscular Augments  
  76  11:44  Zerg Missile Weapons Level 2  
  68  12:10  Hatchery  
  53  12:42  Hydralisk  
  53  12:43  Hydralisk x4  
  57  12:45  Zergling x16  
  57  12:46  Zergling x6  
  68  12:57  Zergling x12  
  74  13:09  Lurker x2  
  53  13:52  Hatchery, Hydralisk x3  
  57  14:16  Hatchery  
  56  14:32  Hydralisk x3  
  62  14:52  Hydralisk x2  
  58  15:10  Hydralisk x4  
  60  16:08  Roach x10  
  80  16:12  Extractor  
  80  16:13  Extractor  
  78  16:21  Queen  
  62  17:13  Hydralisk x2  
  62  17:14  Hydralisk x4  
  74  17:30  Zergling x2  
  74  17:31  Zergling x20  
  74  17:32  Zergling x4  
  74  17:33  Zergling x2  
  88  17:52  Zergling x2  
  88  17:53  Zergling x4  
Tags
 
Add a new tag
Caveats
  • Supply blocks, unpowered buildings, or Contaminate may cause inaccurate times.
  • Supply counts are checked every 10 seconds.